 Dungeon Crawl Stone Soup version 0.28-a0-631-g0446da8ef9 (webtiles) character file.

Game seed: 10779561987720554316

38 jasper the Charlatan (level 3, 0/26 (27) HPs)
             Began as a Demonspawn Artificer on Oct 9, 2021.
             Was a Follower of Okawaru.
             Slain by Crazy Yiuf (11 damage)
             ... on level 2 of the Dungeon.
             The game lasted 00:02:38 (2390 turns).

jasper the Charlatan (Demonspawn Artificer)         Turns: 2390, Time: 00:02:39

HP:   0/26 (27)     AC:  3    Str: 13    XL:     3   Next: 25%
MP:   3/3           EV: 11    Int: 12    God:    Okawaru [*.....]
Gold: 10            SH:  0    Dex: 13    Spells: 2/2 levels left

rFire   . . .      SeeInvis .   a - +0 club
rCold   . . .      Faith    .   (no shield)
rNeg    . . .      Spirit   .   b - +0 leather armour
rPois   .          Reflect  .   (helmet restricted)
rElec   .          Harm     .   (no cloak)
rCorr   .          Rampage  .   (no gloves)
Will    .....                   (no boots)
Stlth   +.........              (no amulet)
HPRegen 0.08/turn               (no ring)
MPRegen 0.08/turn               (no ring)

@: lightly drained
A: antennae 1, (demonic guardian 1)
a: Renounce Religion, Heroism


You were on level 2 of the Dungeon.
You worshipped Okawaru.
Okawaru was aware of your devotion.
You visited 1 branch of the dungeon, and saw 2 of its levels.

You collected 10 gold pieces.

Inventory:

Hand Weapons
 a - a +0 club (weapon)
Missiles
 f - 3 boomerangs (quivered)
 h - 67 stones
Armour
 b - a +0 leather armour (worn)
Wands
 d - a wand of charming (15)
Scrolls
 c - a scroll of enchant armour {unknown}
 g - a scroll of fear
 i - 2 scrolls of magic mapping
Miscellaneous
 e - a piece from Xom's chessboard (14/15)


   Skills:
 + Level 1.7 Fighting
 + Level 2.2 Armour
 + Level 1.5 Dodging
 - Level 0.8 Stealth
 + Level 0.0 Invocations
 + Level 3.3 Evocations


You had 2 spell levels left.
You didn't know any spells.
Your spell library was empty.

Dungeon Overview and Level Annotations

Branches:
Dungeon (2/15)

Altars:
Okawaru

Annotations:
D:2 Crazy Yiuf


Innate Abilities, Weirdness & Mutations

You have a pair of small antennae on your head.
((A weak demonic guardian rushes to your aid.))


Message History

f - 3 boomerangs
h - 51 stones (gained 1)
Things that are here:
a +0 club; a +0 leather armour; an orc corpse
h - 67 stones (gained 16)
Things that are here:
a +0 club; a +0 leather armour; an orc corpse
Found a mace.
Health restored: 27
Found a mace.
Found a runed mace.
You see here a +0 mace.
You see here a +1 mace of holy wrath.
Found a mace.
Found a runed translucent door.
Okay, then.
You open the door.
You make a move on Xom's chessboard...
Crazy Yiuf appears confused.
Throw: 3 boomerangs
Press: ? - help, Q - select action, (/) - cycle Shift-Dir - straight line, f - Crazy Yiuf
Aim: Crazy Yiuf, wielding a +3 quarterstaff of chaos and wearing a +1 cloak (confused, 80% to hit)
You throw a boomerang.
The boomerang hits Crazy Yiuf but does no damage.
Crazy Yiuf says, "I feel rather peculiar."
Crazy Yiuf counts something out on his fingers.
Throw: 3 boomerangs
Press: ? - help, Q - select action, (/) - cycle Shift-Dir - straight line, f/p - Crazy Yiuf
Aim: Crazy Yiuf, wielding a +3 quarterstaff of chaos and wearing a +1 cloak (confused, 80% to hit)
You throw a boomerang. The boomerang hits Crazy Yiuf.
Crazy Yiuf is lightly wounded.
Crazy Yiuf says, "Have you seen my glasses?"
You hit Crazy Yiuf but do no damage.
Crazy Yiuf is lightly wounded.
You catch the helpless Crazy Yiuf completely off-guard!
You hit Crazy Yiuf.
Crazy Yiuf is lightly wounded.
Crazy Yiuf hits you with a +3 quarterstaff of chaos!
You feel drained.
Crazy Yiuf counts something out on his fingers.
Crazy Yiuf hits you with a +3 quarterstaff of chaos!
You die...

.....>#
######.....# #
.##### # .# # .#
+ .. ######## #
######## ###
###.#.)..## #
#...[..#
#...##..#..)...##
# #.######
#...g@####......#
# #.######
#)..### ##...).#
# #......# ###
#####.#
###.....## #.#
........# ##.#
......### ###
#..#
...##.#######.#
##.##
...##.........#
#..#
...##.##########
#.##


You could see Crazy Yiuf (confused).

Vanquished Creatures
  An orc (D:2)
  2 ball pythons
  2 endoplasms (D:1)
  A giant cockroach (D:1)
  2 goblins (D:1)
  2 hobgoblins (D:1)
  6 jackals (D:1)
  3 kobolds
  3 quokkas
  3 bats
  4 frilled lizards (D:2)
  3 rats
32 creatures vanquished.

Notes
Turn   | Place    | Note
-------+----------+-------------------------------------------
     0 | D:1      | jasper the Demonspawn Artificer began the quest for the
                  | Orb.
     0 | D:1      | Reached XP level 1. HP: 15/15 MP: 1/1
   286 | D:1      | Reached skill level 1 in Dodging
   519 | D:1      | Gained mutation: A weak demonic guardian rushes to your
                  | aid. [demonic ancestry]
   519 | D:1      | Reached XP level 2. HP: 16/21 MP: 2/2
   970 | D:1      | Found a faded altar of an unknown god.
   991 | D:1      | Became a worshipper of Warmaster Okawaru
   991 | D:1      | Reached * piety under Okawaru
  1566 | D:2      | Gained mutation: You have a pair of small antennae on your
                  | head. [demonic ancestry]
  1566 | D:2      | Reached XP level 3. HP: 24/26 MP: 3/3
  2381 | D:2      | Found a runed translucent door.
  2382 | D:2      | Noticed Crazy Yiuf
  2390 | D:2      | Slain by Crazy Yiuf

Illustrated notes

Levels and vault maps discovered:
D:1:      dpeg_arrival_circle_labyrinth_c, layout_loops_ring,
          hellmonk_ecumenical_altar_crossroads, hangedman_decor_clover_reticule
D:2:      layout_basic, uniq_crazy_yiuf_cottage

Skill      XL: |  1 |
---------------+----+-----
Dodging        | 1 |  1.5
Armour         | 2 |  2.2
Fighting       | |  1.7
Stealth        | |  0.8
Evocations     | |  3.3

Action                   || total
-------------------------++-------
Melee: Club              ||    65
Throw: Stone             ||    60
       Boomerang         ||     2
Evoke: Wand              ||    15
       Piece from Xom's  ||     1
  Use: Scroll            ||     2
 Stab: Confused          ||     1
Armor: Leather armour    ||    22
Dodge: Dodged            ||    48

Table legend: (Time is in decaauts)
 A = Elapsed time spent in this place.
 B = Non-inter-level travel time spent in this place.
 C = Inter-level travel time spent in this place.
 D = Time resting spent in this place.
 E = Time spent auto-exploring this place.
 F = Levels seen in this place.
 G = Mean time per level.
                   A        B        C        D        E       F      G
               +--------+--------+--------+--------+--------+-----+--------+
         Total |   2420 |   2373 |     47 |    466 |   1588 |   2 | 1210.0 |
       Dungeon |   2420 |   2373 |     47 |    466 |   1588 |   2 | 1210.0 |
               +--------+--------+--------+--------+--------+-----+--------+

Top non-repeatable levels by time:
     D:1: 1543 daAuts
     D:2: 876 daAuts
